 Dungeon Crawl Stone Soup version 0.27.0-1-g7a089689b8 (webtiles) character file.

Game seed: 1318248422074179243

38 KamiKatze the Shield-Bearer (level 3, -1/23 HPs)
             Began as a Gargoyle Fighter on July 31, 2021.
             Slain by a worm (4 damage)
             ... on level 2 of the Dungeon.
             The game lasted 00:02:33 (679 turns).

KamiKatze the Shield-Bearer (Gargoyle Fighter)       Turns: 679, Time: 00:02:34

Health: -1/23      AC: 10    Str: 20    XL:     3   Next: 43%
Magic:  3/3        EV:  7    Int: 14    God:
Gold:   22         SH:  9    Dex:  9    Spells: 2/2 levels left

rFire    . . .     SeeInvis .   a - +0 war axe
rCold    . . .     Faith    .   c - +0 kite shield
rNeg     + . .     Spirit   .   b - +0 scale mail
rPois    ∞         Reflect  .   (no helmet)
rElec    +         Harm     .   (no cloak)
rCorr    .         Rampage  .   (no gloves)
Will     .....                  (no boots)
Stlth    ..........             (no amulet)
HPRegen  0.07/turn              i - +6 ring of intelligence
MPRegen  0.08/turn              (no ring)

@: no status effects
A: sickness immunity, AC +3, negative energy resistance 1, electricity
resistance, torment resistance 1, petrification resistance
a: no special abilities


You were on level 2 of the Dungeon.
You visited 1 branch of the dungeon, and saw 2 of its levels.

You collected 22 gold pieces.

Inventory:

Hand Weapons
 a - a +0 war axe (weapon)
 k - a +0 whip
Missiles
 f - 36 stones (quivered)
Armour
 b - a +0 scale mail (worn)
 c - a +0 kite shield (worn)
Jewellery
 i - a +6 ring of intelligence (left hand)
Scrolls
 e - a scroll of amnesia {unknown}
 g - a scroll of identify {unknown}
 l - a scroll of acquirement {unknown}
Potions
 d - 2 potions of might
 h - a potion of brilliance {unknown}
 j - a potion of lignification {unknown}


   Skills:
 + Level 3.6 Fighting
 * Level 2.5 Axes
 - Level 3.2 Armour
 * Level 4.0 Shields


You had 2 spell levels left.
You didn't know any spells.
Your spell library was empty.

Dungeon Overview and Level Annotations

Branches:
Dungeon (2/15)

Altars:


Innate Abilities, Weirdness & Mutations

You are immune to sickness and miasma.
Your stone body is resilient. (AC +3)
You are immune to poison.
You resist negative energy. (rN+)
You are resistant to electric shocks. (rElec)
You are resistant to unholy torment.
You are immune to petrification.


Message History

The kobold barely misses you.
You barely miss the kobold. The kobold hits you but does no damage.
You hit the kobold.
The kobold is severely wounded.
You block the kobold's attack. x2
You hit the kobold.
You kill the kobold!
Your Shields skill increases to level 4!
No target in view!
Things that are here:
a +0 whip; a kobold corpse A dart slug comes into view.
The dart slug launches a dart at you. You block the slug dart.
Found a stone staircase leading down.
A worm comes into view.
The dart slug launches a dart at you.
The slug dart hits you but does no damage.
The dart slug bites you.
You hit the dart slug.
The dart slug is heavily wounded.
The dart slug launches a dart at you. The slug dart hits you.
You hit the dart slug.
You kill the dart slug!
The worm bites you!
* * * LOW HITPOINT WARNING * * *
You are too injured to fight recklessly!
You are too injured to fight recklessly!
You are too injured to fight recklessly!
You hit the worm.
The worm is moderately wounded.
The worm bites you.
* * * LOW HITPOINT WARNING * * *
You barely miss the worm.
The worm is moderately wounded.
You hit the worm.
The worm is severely wounded.
The worm bites you but does no damage. The worm bites you.
You die...

#.# ##.### #.#
#....# #.#
#....#### # #.#
#....##>. .#
#.# ##.####.#
.#### #.#
#.##...##.....
#.#
#.##.#.....####
#.##...........
#.# #..@w......
####.#
##.###..###
.##.<..####.# #
...)....)....#
#.............#
#.............+
#.............#
#.............#
#.............#


You could see a worm.

Vanquished Creatures
  A dart slug (D:2)
  5 ball pythons (D:1)
  3 bats (D:1)
  An endoplasm (D:1)
  3 giant cockroaches (D:1)
  5 hobgoblins
  7 jackals (D:1)
  A quokka (D:1)
  A goblin (D:1)
  3 kobolds
  2 rats (D:1)
32 creatures vanquished.

Notes
Turn   | Place    | Note
-------+----------+-------------------------------------------
     0 | D:1      | KamiKatze the Gargoyle Fighter began the quest for the Orb.
     0 | D:1      | Reached XP level 1. HP: 14/14 MP: 1/1
   118 | D:1      | Reached XP level 2. HP: 17/19 MP: 2/2
   394 | D:1      | Reached XP level 3. HP: 21/23 MP: 3/3
   667 | D:2      | Reached skill level 4 in Shields
   679 | D:2      | Slain by a worm

Illustrated notes

Levels and vault maps discovered:
D:1:      psy_arrival_terrarium, layout_rooms
D:2:      layout_basic, corexii_leaking_fountain

Skill      XL: |  1  2  3 |
---------------+----------+-----
Axes           | 2 |  2.5
Shields        | 4 |  4.0
Fighting       | |  3.6
Armour         | |  3.2

Action                   || total
-------------------------++-------
Melee: War axe           ||   121
Armor: Scale mail        ||    83
Dodge: Dodged            ||    52
Block: Kite shield       ||    91
